ARIZONA Coyotes vs CHICAGO Blackhawks

Created - 18 octobre 2018 at 15:49

Goals
1 2 3 T
ARIZONA Coyotes 0 0 1 1
CHICAGO Blackhawks 0 1 1 2
Shots
1 2 3 T
ARIZONA Coyotes 13 7 17 37
CHICAGO Blackhawks 8 9 6 23

1st period

No Goal

Penalties :
Kevin Shattenkirk (CHI) for Holding Stick (Minor) at 11:15

2nd period

1. CHICAGO Blackhawks , Teuvo Teravainen 2 (Patrick Kane 6, Brian Dumoulin 2) at 8:09

Penalties :
Marc-Andre Fleury (ARI) for Slashing (Minor) at 1:58 - Ian Cole served the penalty., Sam Reinhart (ARI) for Delaying the game (Minor) at 8:21, Josh Manson (CHI) for Hooking (Minor) at 15:25

3rd period

2. ARIZONA Coyotes , Mark Scheifele 3 (Auston Matthews 4) at 3:08
3. CHICAGO Blackhawks , Patrick Kane 3 (Jonathan Toews 6) at 16:29

Penalties :
Kyle Palmieri (CHI) for Roughing (Minor) at 3:34, Patrick Eaves (ARI) for Roughing (Minor) at 17:55

Goalie Stats

Marc-Andre Fleury (ARI), 21 saves from 23 shots - (0,913), L, 0-1-0, 60:00 minutes
Corey Crawford (CHI), 36 saves from 37 shots - (0,973), W, 3-2-1, 60:00 minutes

Players Stats for ARIZONA Coyotes

Player Name              G  A  P  +/- PIM S  H  SB GA TA FO     MP     PP MP  PK MP  
------------------------------------------------------------------------------------
Alex Goligoski           0  0  0   0  0   2  2  1  0  0  0/0    21:00   3:05   1:02 
Andrew Copp              0  0  0   0  0   0  0  0  0  0  3/5     7:54   0:00   1:30 
Auston Matthews          0  1  1   1  0   7  0  0  0  0  14/25  17:49   3:05   0:00 
Deryk Engelland          0  0  0  -1  0   2  1  1  0  0  0/0    17:02   0:00   3:08 
Erik Johnson             0  0  0   0  0   1  1  1  0  0  0/0    22:33   2:52   2:53 
Ian Cole                 0  0  0  -1  0   0  2  1  0  0  0/0    18:33   2:52   1:47 
Justin Schultz           0  0  0   0  0   1  0  0  0  0  0/0    20:29   3:05   0:00 
Mark Scheifele           1  0  1   1  0   4  2  0  0  0  1/1    19:19   3:05   1:30 
Michael Grabner          0  0  0   1  0   5  0  0  0  0  0/0    21:22   2:52   3:51 
Mikko Koivu              0  0  0  -1  0   3  1  0  0  0  16/28  17:30   0:00   4:27 
Nicklas Backstrom        0  0  0  -1  0   4  1  0  0  0  9/19   16:52   2:52   0:00 
Nikita Zaitsev           0  0  0   0  0   1  1  1  0  0  0/0    20:23   0:00   3:04 
Ondrej Kase              0  0  0   0  0   0  0  0  0  0  0/0     6:24   0:00   0:00 
Patrick Eaves            0  0  0  -1  2   2  2  0  0  0  0/0    13:02   0:00   0:00 
Ryan Hartman             0  0  0   0  0   1  2  0  0  0  0/0     6:24   0:00   0:00 
Ryan Nugent-Hopkins      0  0  0  -1  0   4  3  0  0  0  0/0    17:36   3:05   0:36 
Sam Reinhart             0  0  0  -1  2   0  1  0  0  0  0/1    16:46   2:52   0:00 
Travis Konecny           0  0  0  -1  0   0  1  0  0  0  0/1    13:03   0:00   0:00 

Players Stats for CHICAGO Blackhawks

Player Name              G  A  P  +/- PIM S  H  SB GA TA FO     MP     PP MP  PK MP  
------------------------------------------------------------------------------------
Aaron Ekblad             0  0  0   1  0   2  4  0  0  0  0/0    21:36   3:07   3:02 
Alexander Burmistrov     0  0  0   0  0   0  0  0  0  0  1/2     7:48   0:00   0:00 
Brad Richardson          0  0  0   0  0   1  0  0  0  0  0/0    10:07   0:00   0:00 
Brent Seabrook           0  0  0   0  0   0  0  4  0  0  0/0    23:51   2:50   3:30 
Brian Dumoulin           0  1  1   1  0   0  1  4  0  0  0/0    18:19   0:00   2:52 
Devante Smith-Pelly      0  0  0   0  0   0  0  1  0  0  0/0     7:48   0:00   0:00 
Eric Staal               0  0  0   0  0   3  1  0  0  0  2/2    19:19   3:16   1:34 
Jonathan Toews           0  1  1   1  0   2  2  0  0  0  11/28  23:21   3:16   4:23 
Josh Manson              0  0  0   0  2   1  3  1  0  0  0/0    22:16   2:50   2:01 
Kevin Hayes              0  0  0   0  0   0  1  1  0  0  8/13   11:46   0:00   1:34 
Kevin Shattenkirk        0  0  0   0  2   0  0  1  0  0  0/0    18:19   3:07   0:00 
Kyle Palmieri            0  0  0   0  2   3  1  0  0  0  0/1    17:04   2:41   0:00 
Nick Shore               0  0  0   0  0   0  0  0  0  0  0/0     7:48   0:00   0:00 
Patrick Kane             1  1  2   1  0   3  1  0  0  0  5/9    23:26   3:16   4:23 
Teuvo Teravainen         1  0  1   1  0   7  0  1  0  0  2/3    18:23   2:41   0:00 
Tom Wilson               0  0  0   0  0   0  3  0  0  0  0/1    10:07   0:00   0:00 
Will Butcher             0  0  0   0  0   0  2  2  0  0  0/0    15:37   0:00   0:29 
William Nylander         0  0  0   0  0   1  0  0  0  0  8/21   17:05   2:41   0:00 

3 Stars

1 - Corey Crawford (CHI)
2 - Patrick Kane (CHI)
3 - Teuvo Teravainen (CHI)

Power Play

ARIZONA Coyotes - 0 on 3 Attempt(s) - 0,00%
CHICAGO Blackhawks - 0 on 3 Attempt(s) - 0,00%

Penalty Kill

ARIZONA Coyotes - 3 on 3 Attempt(s) - 100,00% - Score 0 goal in Penalty Kill
CHICAGO Blackhawks - 3 on 3 Attempt(s) - 100,00% - Score 0 goal in Penalty Kill

Team Stat

ARIZONA Coyotes - Hits : 20 - Faceoff Wins : 43 - Blocked Shots : 5 - Penalty Minutes : 6
CHICAGO Blackhawks - Hits : 19 - Faceoff Wins : 37 - Blocked Shots : 15 - Penalty Minutes : 6

Official

Referees : Unknown
Linesman : Unknown

Game Notes

No Game Note

Finance

Level 1 -- Attendance: 4977 (82,95%) -- Ticket Income 497 700 $
Level 2 -- Attendance: 4038 (80,76%) -- Ticket Income 242 280 $
Level 3 -- Attendance: 2000 (100,00%) -- Ticket Income 70 000 $
Level 4 -- Attendance: 4000 (100,00%) -- Ticket Income 80 000 $
Luxury Box -- Attendance: 775 (77,50%) -- Ticket Income 155 000 $
Game was played at the United Center.
Total Attendance: 15790 (87,72%)
Total Ticket Income: 1 044 980 $
Other Income: 407 542 $
Total Income: 1 452 522 $

ARIZONA Coyotes

5 vs 5 Forward 
   Center                   Left Wing                Right Wing               Time % Phy DF OF 
 1 Auston Matthews          Michael Grabner          Mark Scheifele           32     1   1  3  
 2 Nicklas Backstrom        Ryan Nugent-Hopkins      Sam Reinhart             30     1   2  2  
 3 Mikko Koivu              Patrick Eaves            Travis Konecny           28     1   2  2  
 4 Andrew Copp              Ryan Hartman             Ondrej Kase              10     0   4  1  

5 vs 5 Defense 
   Defense                  Defense                                           Time % Phy DF OF 
 1 Alex Goligoski           Erik Johnson                                      35     1   2  2  
 2 Justin Schultz           Nikita Zaitsev                                    35     1   2  2  
 3 Deryk Engelland          Ian Cole                                          15     1   3  1  
 4 Deryk Engelland          Ian Cole                                          15     1   3  1  

PowerPlay Forward 
   Center                   Left Wing                Right Wing               Time % Phy DF OF 
 1 Auston Matthews          Ryan Nugent-Hopkins      Mark Scheifele           53     2   2  1  
 2 Nicklas Backstrom        Michael Grabner          Sam Reinhart             47     2   2  1  

PowerPlay Defense
   Defense                  Defense                                           Time % Phy DF OF 
 1 Alex Goligoski           Justin Schultz                                    54     1   2  2  
 2 Ian Cole                 Erik Johnson                                      46     1   2  2  

Penalty Kill 4 Players Forward 
   Center                   Wing                     Time % Phy DF OF 
 1 Mikko Koivu              Michael Grabner          60     1   2  2  
 2 Andrew Copp              Mark Scheifele           40     1   2  2  

Penalty Kill 4 Players Defense
   Defense                  Defense                  Time % Phy DF OF 
 1 Erik Johnson             Deryk Engelland          60     1   2  2  
 2 Nikita Zaitsev           Ian Cole                 40     1   2  2  

Penalty Kill - 3 Players Forward 
   Forward                                           Time % Phy DF OF 
 1 Mikko Koivu                                       60     1   2  2  
 2 Michael Grabner                                   40     1   2  2  

Penalty Kill - 3 Players Defense
   Defense                  Defense                  Time % Phy DF OF 
 1 Deryk Engelland          Erik Johnson             60     1   2  2  
 2 Ian Cole                 Nikita Zaitsev           40     1   2  2  

4 vs 4 Forward 
   Center                   Wing                     Time % Phy DF OF 
 1 Mikko Koivu              Mark Scheifele           53     1   2  2  
 2 Auston Matthews          Ryan Nugent-Hopkins      47     1   2  2  

4 vs 4 Defense
   Defense                  Defense                  Time % Phy DF OF 
 1 Alex Goligoski           Justin Schultz           54     1   2  2  
 2 Deryk Engelland          Ian Cole                 46     1   2  2  

Last Minutes Offensive
   Center                   Left Wing                Right Wing               Defense                  Defense                  
   Auston Matthews          Nicklas Backstrom        Mark Scheifele           Alex Goligoski           Justin Schultz           

Last Minutes Defensive
   Center                   Left Wing                Right Wing               Defense                  Defense                  
   Mikko Koivu              Michael Grabner          Mark Scheifele           Deryk Engelland          Erik Johnson             

Goaltenders
Starting : Marc-Andre Fleury        
Backup : Andrei Vasilevskiy       

Extra Forwards
Normal : Mark Scheifele, Ryan Nugent-Hopkins, Michael Grabner - PP : Mark Scheifele, Ryan Nugent-Hopkins - PK : Ryan Nugent-Hopkins
Extra Defensemen
Normal : Deryk Engelland, Alex Goligoski, Ian Cole - PP : Deryk Engelland - PK : Alex Goligoski, Deryk Engelland
Penalty Shots
Auston Matthews, Mark Scheifele, Michael Grabner, Patrick Eaves, Ryan Nugent-Hopkins

CHICAGO Blackhawks

5 vs 5 Forward 
   Center                   Left Wing                Right Wing               Time % Phy DF OF 
 1 Jonathan Toews           Teuvo Teravainen         Patrick Kane             45     0   1  4  
 2 William Nylander         Eric Staal               Kyle Palmieri            29     0   2  3  
 3 Kevin Hayes              Brad Richardson          Tom Wilson               18     1   2  2  
 4 Alexander Burmistrov     Nick Shore               Devante Smith-Pelly      8      1   2  2  

5 vs 5 Defense 
   Defense                  Defense                                           Time % Phy DF OF 
 1 Brent Seabrook           Josh Manson                                       40     1   2  2  
 2 Aaron Ekblad             Brian Dumoulin                                    30     1   2  2  
 3 Kevin Shattenkirk        Will Butcher                                      20     0   3  2  
 4 Brent Seabrook           Josh Manson                                       10     1   2  2  

PowerPlay Forward 
   Center                   Left Wing                Right Wing               Time % Phy DF OF 
 1 Jonathan Toews           Eric Staal               Patrick Kane             60     0   0  5  
 2 William Nylander         Teuvo Teravainen         Kyle Palmieri            40     0   0  5  

PowerPlay Defense
   Defense                  Defense                                           Time % Phy DF OF 
 1 Aaron Ekblad             Kevin Shattenkirk                                 60     1   2  2  
 2 Brent Seabrook           Josh Manson                                       40     1   2  2  

Penalty Kill 4 Players Forward 
   Center                   Wing                     Time % Phy DF OF 
 1 Patrick Kane             Jonathan Toews           60     0   5  0  
 2 Eric Staal               Kevin Hayes              40     1   4  0  

Penalty Kill 4 Players Defense
   Defense                  Defense                  Time % Phy DF OF 
 1 Brent Seabrook           Josh Manson              60     1   4  0  
 2 Aaron Ekblad             Brian Dumoulin           40     1   4  0  

Penalty Kill - 3 Players Forward 
   Forward                                           Time % Phy DF OF 
 1 Eric Staal                                        60     0   5  0  
 2 Kevin Hayes                                       40     0   5  0  

Penalty Kill - 3 Players Defense
   Defense                  Defense                  Time % Phy DF OF 
 1 Brent Seabrook           Josh Manson              60     0   5  0  
 2 Aaron Ekblad             Brian Dumoulin           40     0   5  0  

4 vs 4 Forward 
   Center                   Wing                     Time % Phy DF OF 
 1 Patrick Kane             Jonathan Toews           60     0   1  4  
 2 Eric Staal               William Nylander         40     0   2  3  

4 vs 4 Defense
   Defense                  Defense                  Time % Phy DF OF 
 1 Brent Seabrook           Josh Manson              60     0   3  2  
 2 Aaron Ekblad             Brian Dumoulin           40     0   3  2  

Last Minutes Offensive
   Center                   Left Wing                Right Wing               Defense                  Defense                  
   Jonathan Toews           Teuvo Teravainen         Patrick Kane             Brent Seabrook           Eric Staal               

Last Minutes Defensive
   Center                   Left Wing                Right Wing               Defense                  Defense                  
   Eric Staal               Kevin Hayes              Patrick Kane             Brent Seabrook           Josh Manson              

Goaltenders
Starting : Corey Crawford           
Backup : Jeff Glass               

Extra Forwards
Normal : Alexander Burmistrov, Kevin Hayes, Tom Wilson - PP : Alexander Burmistrov, Kevin Hayes - PK : Tom Wilson
Extra Defensemen
Normal : Kevin Shattenkirk, Will Butcher, Aaron Ekblad - PP : Kevin Shattenkirk - PK : Will Butcher, Aaron Ekblad
Penalty Shots
Patrick Kane, Jonathan Toews, Kyle Palmieri, William Nylander, Kevin Hayes


% Time on Ice - ARIZONA Coyotes

Lines # - Real PCT - Wanted PCT - Time Play
Normal Forward
1 - 31% - 32% - 14:39
2 - 29% - 30% - 13:55
3 - 27% - 28% - 13:03
4 - 13% - 10% - 6:24
Normal Defense
1 - 35% - 35% - 16:48
2 - 36% - 35% - 17:19
3 - 15% - 15% - 6:58
4 - 14% - 15% - 6:56
PP Forward
1 - 52% - 53% - 3:05
2 - 48% - 47% - 2:52
PP Defense
1 - 52% - 54% - 3:05
2 - 48% - 46% - 2:52
PK Forward
1 - 75% - 60% - 4:27
2 - 25% - 40% - 1:30
PK Defense
1 - 48% - 60% - 2:53
2 - 52% - 40% - 3:04
PK3 Forward
1 - 0% - 60%
2 - 0% - 40%
PK3 Defense
1 - 0% - 60%
2 - 0% - 40%
44 Forward
1 - 0% - 53%
2 - 0% - 47%
44 Defense
1 - 0% - 54%
2 - 0% - 46%
Last Minute Offensive  - 0:05
Last Minute Defensive  - 0:00
Total
Forward - 60:00
Defense - 60:00

% Time on Ice - CHICAGO Blackhawks

Lines # - Real PCT - Wanted PCT - Time Play
Normal Forward
1 - 33% - 45% - 15:42
2 - 30% - 29% - 14:24
3 - 21% - 18% - 10:07
4 - 16% - 8% - 7:48
Normal Defense
1 - 34% - 40% - 16:09
2 - 32% - 30% - 15:27
3 - 32% - 20% - 15:08
4 - 3% - 10% - 1:17
PP Forward
1 - 55% - 60% - 3:16
2 - 45% - 40% - 2:41
PP Defense
1 - 52% - 60% - 3:07
2 - 48% - 40% - 2:50
PK Forward
1 - 74% - 60% - 4:23
2 - 26% - 40% - 1:34
PK Defense
1 - 59% - 60% - 3:30
2 - 41% - 40% - 2:27
PK3 Forward
1 - 0% - 60%
2 - 0% - 40%
PK3 Defense
1 - 0% - 60%
2 - 0% - 40%
44 Forward
1 - 0% - 60%
2 - 0% - 40%
44 Defense
1 - 0% - 60%
2 - 0% - 40%
Last Minute Offensive  - 0:00
Last Minute Defensive  - 0:05
Total
Forward - 60:00
Defense - 60:00

Play by Play

1st period


0:01 of 1st period - Jonathan Toews wins face-off versus Auston Matthews in neutral zone.
0:12 of 1st period - Shot by Patrick Kane.
0:12 of 1st period - Deflect By Jonathan Toews.
0:12 of 1st period - Shot Misses the Net.
0:43 of 1st period - Shot by Mark Scheifele.
0:43 of 1st period - Stopped by Corey Crawford without a rebound.
0:44 of 1st period - William Nylander wins face-off versus Nicklas Backstrom in CHICAGO Blackhawks zone.
0:51 of 1st period - Shot by Ryan Nugent-Hopkins.
0:51 of 1st period - Stopped by Corey Crawford without a rebound.
0:52 of 1st period - Kevin Hayes wins face-off versus Travis Konecny in CHICAGO Blackhawks zone.
1:05 of 1st period - Will Butcher is hit by Patrick Eaves and loses puck.
1:20 of 1st period - Shot by Mikko Koivu.
1:20 of 1st period - Shot Misses the Net.
2:01 of 1st period - Shot by Nicklas Backstrom.
2:01 of 1st period - Stopped by Corey Crawford without a rebound.
2:02 of 1st period - William Nylander wins face-off versus Andrew Copp in CHICAGO Blackhawks zone.
3:01 of 1st period - Shot by Ryan Nugent-Hopkins.
3:01 of 1st period - Shot Misses the Net.
3:21 of 1st period - Icing by Jonathan Toews.
3:22 of 1st period - Jonathan Toews wins face-off versus Auston Matthews in CHICAGO Blackhawks zone.
3:27 of 1st period - Shot by Teuvo Teravainen.
3:27 of 1st period - Stopped by Marc-Andre Fleury without a rebound.
3:28 of 1st period - Auston Matthews wins face-off versus Jonathan Toews in ARIZONA Coyotes zone.
3:41 of 1st period - Shot by Auston Matthews.
3:41 of 1st period - Stopped by Corey Crawford without a rebound.
3:42 of 1st period - Alexander Burmistrov wins face-off versus Mikko Koivu in CHICAGO Blackhawks zone.
3:42 of 1st period - Alexander Burmistrov is hit by Travis Konecny.
3:52 of 1st period - Shot by Patrick Eaves.
3:52 of 1st period - Shot Misses the Net.
3:54 of 1st period - Shot by Travis Konecny.
3:54 of 1st period - Deflect By Mikko Koivu.
3:54 of 1st period - Shot Misses the Net.
3:56 of 1st period - Shot by Ian Cole.
3:56 of 1st period - Shot Blocked by Devante Smith-Pelly.
4:25 of 1st period - Shot by Mikko Koivu.
4:25 of 1st period - Shot Misses the Net.
4:32 of 1st period - Icing by Brent Seabrook.
4:33 of 1st period - Mark Scheifele wins face-off versus Alexander Burmistrov in CHICAGO Blackhawks zone.
4:58 of 1st period - Shot by Michael Grabner.
4:58 of 1st period - Stopped by Corey Crawford without a rebound.
4:59 of 1st period - Jonathan Toews wins face-off versus Nicklas Backstrom in CHICAGO Blackhawks zone.
6:08 of 1st period - William Nylander is hit by Nicklas Backstrom and loses puck.
6:34 of 1st period - Shot by Auston Matthews.
6:34 of 1st period - Stopped by Corey Crawford without a rebound.
6:35 of 1st period - Kevin Hayes wins face-off versus Mikko Koivu in CHICAGO Blackhawks zone.
6:40 of 1st period - Deryk Engelland is hit by Tom Wilson and loses puck.
6:55 of 1st period - Shot by Brad Richardson.
6:55 of 1st period - Stopped by Marc-Andre Fleury with a rebound.
7:48 of 1st period - Nikita Zaitsev is hit by Aaron Ekblad and loses puck.
8:01 of 1st period - Shot by Auston Matthews.
8:01 of 1st period - Stopped by Corey Crawford with a rebound.
8:03 of 1st period - Shot by Auston Matthews.
8:03 of 1st period - Shot Hit the Post.
8:31 of 1st period - Shot by Andrew Copp.
8:31 of 1st period - Shot Misses the Net.
8:37 of 1st period - Alex Goligoski is hit by Patrick Kane.
8:47 of 1st period - Shot by Jonathan Toews.
8:47 of 1st period - Stopped by Marc-Andre Fleury without a rebound.
8:48 of 1st period - Nicklas Backstrom wins face-off versus William Nylander in ARIZONA Coyotes zone.
8:59 of 1st period - Shot by Ryan Nugent-Hopkins.
8:59 of 1st period - Shot Misses the Net.
9:01 of 1st period - Shot by Ryan Nugent-Hopkins.
9:01 of 1st period - Stopped by Corey Crawford with a rebound.
9:03 of 1st period - Shot by Deryk Engelland.
9:03 of 1st period - Stopped by Corey Crawford without a rebound.
9:04 of 1st period - Mikko Koivu wins face-off versus Jonathan Toews in CHICAGO Blackhawks zone.
9:23 of 1st period - Shot by Patrick Kane.
9:23 of 1st period - Stopped by Marc-Andre Fleury with a rebound.
9:31 of 1st period - Shot by Teuvo Teravainen.
9:31 of 1st period - Stopped by Marc-Andre Fleury without a rebound.
9:32 of 1st period - Auston Matthews wins face-off versus William Nylander in ARIZONA Coyotes zone.
9:36 of 1st period - Icing by Auston Matthews.
9:37 of 1st period - Eric Staal wins face-off versus Auston Matthews in ARIZONA Coyotes zone.
10:13 of 1st period - Shot by Auston Matthews.
10:13 of 1st period - Deflect By Mark Scheifele.
10:13 of 1st period - Shot Blocked by Brent Seabrook.
10:15 of 1st period - Shot by Auston Matthews.
10:15 of 1st period - Stopped by Corey Crawford with a rebound.
10:58 of 1st period - Shot by Teuvo Teravainen.
10:58 of 1st period - Shot Misses the Net.
11:00 of 1st period - Shot by Teuvo Teravainen.
11:00 of 1st period - Stopped by Marc-Andre Fleury without a rebound.
11:01 of 1st period - Mikko Koivu wins face-off versus Kevin Hayes in ARIZONA Coyotes zone.
11:15 of 1st period - Minor Penalty to Kevin Shattenkirk for Holding Stick.
11:16 of 1st period - Auston Matthews wins face-off versus Patrick Kane in CHICAGO Blackhawks zone.
11:16 of 1st period - Mark Scheifele is hit by Aaron Ekblad and loses puck.
11:36 of 1st period - Off-side.
11:37 of 1st period - Nicklas Backstrom wins face-off versus Jonathan Toews in neutral zone.
12:01 of 1st period - Icing by Nicklas Backstrom.
12:02 of 1st period - Nicklas Backstrom wins face-off versus Patrick Kane in ARIZONA Coyotes zone.
12:49 of 1st period - Brent Seabrook is hit by Mark Scheifele and loses puck.
14:55 of 1st period - Shot by Sam Reinhart.
14:55 of 1st period - Shot Misses the Net.
15:32 of 1st period - Icing by Patrick Kane.
15:33 of 1st period - Auston Matthews wins face-off versus Jonathan Toews in CHICAGO Blackhawks zone.
16:00 of 1st period - Mark Scheifele is hit by Eric Staal and loses puck.
16:15 of 1st period - Shot by William Nylander.
16:15 of 1st period - Shot Misses the Net.
16:25 of 1st period - Shot by Eric Staal.
16:25 of 1st period - Shot Misses the Net.
16:27 of 1st period - Shot by Aaron Ekblad.
16:27 of 1st period - Stopped by Marc-Andre Fleury with a rebound.
16:29 of 1st period - Shot by Kyle Palmieri.
16:29 of 1st period - Stopped by Marc-Andre Fleury without a rebound.
16:30 of 1st period - Kevin Hayes wins face-off versus Mikko Koivu in ARIZONA Coyotes zone.
16:30 of 1st period - Kevin Hayes is hit by Deryk Engelland.
16:48 of 1st period - Shot by Mikko Koivu.
16:48 of 1st period - Deflect By Patrick Eaves.
16:48 of 1st period - Shot Misses the Net.
16:50 of 1st period - Shot by Mikko Koivu.
16:50 of 1st period - Deflect By Patrick Eaves.
16:50 of 1st period - Stopped by Corey Crawford without a rebound.
16:51 of 1st period - Jonathan Toews wins face-off versus Nicklas Backstrom in CHICAGO Blackhawks zone.
16:51 of 1st period - Jonathan Toews is hit by Sam Reinhart.
17:14 of 1st period - Shot by Ryan Nugent-Hopkins.
17:14 of 1st period - Shot Misses the Net.
17:18 of 1st period - Shot by Ryan Nugent-Hopkins.
17:18 of 1st period - Shot Blocked by Brian Dumoulin.
17:20 of 1st period - Shot by Ryan Nugent-Hopkins.
17:20 of 1st period - Stopped by Corey Crawford without a rebound.
17:21 of 1st period - Mikko Koivu wins face-off versus William Nylander in CHICAGO Blackhawks zone.
17:21 of 1st period - Travis Konecny is hit by Will Butcher and loses puck.
17:42 of 1st period - Shot by Deryk Engelland.
17:42 of 1st period - Shot Misses the Net.
17:56 of 1st period - Shot by Mikko Koivu.
17:56 of 1st period - Stopped by Corey Crawford without a rebound.
17:57 of 1st period - Auston Matthews wins face-off versus Jonathan Toews in CHICAGO Blackhawks zone.
18:12 of 1st period - Brent Seabrook is hit by Mark Scheifele and loses puck.
18:22 of 1st period - Icing by Brent Seabrook.
18:23 of 1st period - Jonathan Toews wins face-off versus Nicklas Backstrom in CHICAGO Blackhawks zone.
18:23 of 1st period - Jonathan Toews is hit by Ryan Nugent-Hopkins.
18:41 of 1st period - Shot by Nicklas Backstrom.
18:41 of 1st period - Shot Blocked by Teuvo Teravainen.
19:30 of 1st period - Kyle Palmieri is hit by Nikita Zaitsev and loses puck.
Goals for this period are 0 for ARIZONA Coyotes vs 0 for CHICAGO Blackhawks.
Shots for this period are 13 for ARIZONA Coyotes vs 8 for CHICAGO Blackhawks.

2nd period


0:01 of 2nd period - Auston Matthews wins face-off versus Jonathan Toews in neutral zone.
0:39 of 2nd period - Icing by Alex Goligoski.
0:40 of 2nd period - Auston Matthews wins face-off versus Kevin Hayes in ARIZONA Coyotes zone.
0:40 of 2nd period - Auston Matthews is hit by Tom Wilson.
1:39 of 2nd period - Icing by Ian Cole.
1:40 of 2nd period - Jonathan Toews wins face-off versus Mikko Koivu in ARIZONA Coyotes zone.
1:44 of 2nd period - Icing by Ian Cole.
1:45 of 2nd period - Jonathan Toews wins face-off versus Mikko Koivu in ARIZONA Coyotes zone.
1:47 of 2nd period - Patrick Kane is hit by Ian Cole and loses puck.
1:58 of 2nd period - Shot by Teuvo Teravainen.
1:58 of 2nd period - Deflect By Jonathan Toews.
1:58 of 2nd period - Stopped by Marc-Andre Fleury without a rebound.
1:58 of 2nd period - Minor Penalty to Marc-Andre Fleury for Slashing.
1:59 of 2nd period - Mikko Koivu wins face-off versus Jonathan Toews in ARIZONA Coyotes zone.
2:29 of 2nd period - Shot by Jonathan Toews.
2:29 of 2nd period - Shot Misses the Net.
2:31 of 2nd period - Shot by Aaron Ekblad.
2:31 of 2nd period - Stopped by Marc-Andre Fleury without a rebound.
2:32 of 2nd period - Mikko Koivu wins face-off versus William Nylander in ARIZONA Coyotes zone.
3:37 of 2nd period - Shot by Eric Staal.
3:37 of 2nd period - Shot Misses the Net.
3:39 of 2nd period - Shot by Jonathan Toews.
3:39 of 2nd period - Shot Misses the Net.
3:41 of 2nd period - Shot by Kevin Shattenkirk.
3:41 of 2nd period - Shot Misses the Net.
3:43 of 2nd period - Shot by Aaron Ekblad.
3:43 of 2nd period - Shot Blocked by Alex Goligoski.
4:31 of 2nd period - Shot by Nicklas Backstrom.
4:31 of 2nd period - Stopped by Corey Crawford with a rebound.
4:37 of 2nd period - Shot by Nicklas Backstrom.
4:37 of 2nd period - Shot Blocked by Kevin Hayes.
5:54 of 2nd period - Shot by Ryan Hartman.
5:54 of 2nd period - Shot Blocked by Brian Dumoulin.
5:56 of 2nd period - Shot by Andrew Copp.
5:56 of 2nd period - Shot Misses the Net.
6:37 of 2nd period - Shot by Patrick Kane.
6:37 of 2nd period - Deflect By Teuvo Teravainen.
6:37 of 2nd period - Shot Misses the Net.
6:39 of 2nd period - Shot by Teuvo Teravainen.
6:39 of 2nd period - Stopped by Marc-Andre Fleury without a rebound.
6:40 of 2nd period - Nicklas Backstrom wins face-off versus William Nylander in ARIZONA Coyotes zone.
7:03 of 2nd period - Shot by William Nylander.
7:03 of 2nd period - Stopped by Marc-Andre Fleury without a rebound.
7:04 of 2nd period - Mikko Koivu wins face-off versus Jonathan Toews in ARIZONA Coyotes zone.
7:09 of 2nd period - Shot by Erik Johnson.
7:09 of 2nd period - Shot Misses the Net.
7:15 of 2nd period - Shot by Jonathan Toews.
7:15 of 2nd period - Deflect By Patrick Kane.
7:15 of 2nd period - Stopped by Marc-Andre Fleury with a rebound.
7:17 of 2nd period - Shot by Josh Manson.
7:17 of 2nd period - Stopped by Marc-Andre Fleury without a rebound.
7:18 of 2nd period - William Nylander wins face-off versus Auston Matthews in ARIZONA Coyotes zone.
7:46 of 2nd period - Shot by Eric Staal.
7:46 of 2nd period - Stopped by Marc-Andre Fleury without a rebound.
7:47 of 2nd period - Mikko Koivu wins face-off versus Jonathan Toews in ARIZONA Coyotes zone.
7:47 of 2nd period - Mikko Koivu is hit by Jonathan Toews.
7:57 of 2nd period - Shot by Jonathan Toews.
7:57 of 2nd period - Shot Misses the Net.
8:01 of 2nd period - Shot by Patrick Kane.
8:01 of 2nd period - Shot Misses the Net.
8:07 of 2nd period - Shot by Patrick Kane.
8:07 of 2nd period - Shot Hit the Post.
8:09 of 2nd period - Shot by Teuvo Teravainen.
8:09 of 2nd period - Goal by Teuvo Teravainen - ARIZONA Coyotes : 0 - CHICAGO Blackhawks : 1.
8:10 of 2nd period - Nicklas Backstrom wins face-off versus William Nylander in neutral zone.
8:21 of 2nd period - Minor Penalty to Sam Reinhart for Delaying the game.
8:22 of 2nd period - Jonathan Toews wins face-off versus Mikko Koivu in ARIZONA Coyotes zone.
8:35 of 2nd period - Shot by Eric Staal.
8:35 of 2nd period - Shot Misses the Net.
8:37 of 2nd period - Shot by Patrick Kane.
8:37 of 2nd period - Deflect By Eric Staal.
8:37 of 2nd period - Stopped by Marc-Andre Fleury without a rebound.
8:38 of 2nd period - Mikko Koivu wins face-off versus William Nylander in ARIZONA Coyotes zone.
8:47 of 2nd period - Teuvo Teravainen is hit by Mikko Koivu and loses puck.
8:55 of 2nd period - Mikko Koivu is hit by Josh Manson and loses puck.
9:07 of 2nd period - Icing by Brent Seabrook.
9:08 of 2nd period - Mikko Koivu wins face-off versus William Nylander in CHICAGO Blackhawks zone.
9:11 of 2nd period - Shot by Michael Grabner.
9:11 of 2nd period - Stopped by Corey Crawford without a rebound.
9:12 of 2nd period - Mikko Koivu wins face-off versus Jonathan Toews in CHICAGO Blackhawks zone.
10:21 of 2nd period - Deryk Engelland is hit by Tom Wilson and loses puck.
11:52 of 2nd period - Shot by Andrew Copp.
11:52 of 2nd period - Shot Blocked by Will Butcher.
12:07 of 2nd period - Eric Staal is hit by Ian Cole and loses puck.
13:03 of 2nd period - Shot by Mikko Koivu.
13:03 of 2nd period - Shot Blocked by Brent Seabrook.
13:17 of 2nd period - Shot by Patrick Eaves.
13:17 of 2nd period - Stopped by Corey Crawford without a rebound.
13:18 of 2nd period - Nicklas Backstrom wins face-off versus Kevin Hayes in CHICAGO Blackhawks zone.
13:52 of 2nd period - Shot by Ryan Nugent-Hopkins.
13:52 of 2nd period - Shot Blocked by Brian Dumoulin.
14:20 of 2nd period - Shot by Kyle Palmieri.
14:20 of 2nd period - Shot Misses the Net.
14:34 of 2nd period - Shot by Patrick Eaves.
14:34 of 2nd period - Shot Blocked by Kevin Shattenkirk.
15:03 of 2nd period - Icing by Kyle Palmieri.
15:04 of 2nd period - Auston Matthews wins face-off versus Kyle Palmieri in CHICAGO Blackhawks zone.
15:10 of 2nd period - Mark Scheifele is hit by Will Butcher.
15:12 of 2nd period - Shot by Auston Matthews.
15:12 of 2nd period - Shot Misses the Net.
15:14 of 2nd period - Shot by Erik Johnson.
15:14 of 2nd period - Stopped by Corey Crawford without a rebound.
15:15 of 2nd period - Andrew Copp wins face-off versus Jonathan Toews in CHICAGO Blackhawks zone.
15:25 of 2nd period - Minor Penalty to Josh Manson for Hooking.
15:26 of 2nd period - Auston Matthews wins face-off versus Patrick Kane in CHICAGO Blackhawks zone.
15:29 of 2nd period - Shot by Alex Goligoski.
15:29 of 2nd period - Stopped by Corey Crawford without a rebound.
15:30 of 2nd period - Patrick Kane wins face-off versus Auston Matthews in CHICAGO Blackhawks zone.
16:00 of 2nd period - Shot by Auston Matthews.
16:00 of 2nd period - Stopped by Corey Crawford without a rebound.
16:01 of 2nd period - Patrick Kane wins face-off versus Sam Reinhart in CHICAGO Blackhawks zone.
16:07 of 2nd period - Icing by Erik Johnson.
16:08 of 2nd period - Patrick Kane wins face-off versus Nicklas Backstrom in ARIZONA Coyotes zone.
16:13 of 2nd period - Shot by Patrick Kane.
16:13 of 2nd period - Shot Blocked by Erik Johnson.
16:20 of 2nd period - Sam Reinhart is hit by Brian Dumoulin and loses puck.
16:23 of 2nd period - Shot by Nicklas Backstrom.
16:23 of 2nd period - Shot Misses the Net.
17:17 of 2nd period - Shot by Alex Goligoski.
17:17 of 2nd period - Stopped by Corey Crawford with a rebound.
17:19 of 2nd period - Shot by Ryan Nugent-Hopkins.
17:19 of 2nd period - Deflect By Auston Matthews.
17:19 of 2nd period - Shot Misses the Net.
18:02 of 2nd period - Shot by Patrick Eaves.
18:02 of 2nd period - Shot Misses the Net.
18:17 of 2nd period - Icing by Deryk Engelland.
18:18 of 2nd period - Andrew Copp wins face-off versus William Nylander in ARIZONA Coyotes zone.
18:28 of 2nd period - Shot by Deryk Engelland.
18:28 of 2nd period - Shot Misses the Net.
19:12 of 2nd period - Teuvo Teravainen is hit by Ryan Hartman and loses puck.
19:27 of 2nd period - Shot by Jonathan Toews.
19:27 of 2nd period - Shot Misses the Net.
19:41 of 2nd period - Teuvo Teravainen is hit by Alex Goligoski and loses puck.
19:57 of 2nd period - Auston Matthews is hit by Aaron Ekblad and loses puck.
Goals for this period are 0 for ARIZONA Coyotes vs 1 for CHICAGO Blackhawks.
Shots for this period are 7 for ARIZONA Coyotes vs 9 for CHICAGO Blackhawks.

3rd period


0:01 of 3rd period - Auston Matthews wins face-off versus Jonathan Toews in neutral zone.
0:01 of 3rd period - Auston Matthews is hit by Jonathan Toews.
0:05 of 3rd period - Shot by Auston Matthews.
0:05 of 3rd period - Stopped by Corey Crawford with a rebound.
0:07 of 3rd period - Shot by Nikita Zaitsev.
0:07 of 3rd period - Shot Misses the Net.
0:09 of 3rd period - Shot by Auston Matthews.
0:09 of 3rd period - Shot Misses the Net.
0:11 of 3rd period - Shot by Auston Matthews.
0:11 of 3rd period - Stopped by Corey Crawford without a rebound.
0:12 of 3rd period - Nicklas Backstrom wins face-off versus William Nylander in CHICAGO Blackhawks zone.
0:15 of 3rd period - Shot by Ryan Nugent-Hopkins.
0:15 of 3rd period - Shot Misses the Net.
0:41 of 3rd period - Shot by William Nylander.
0:41 of 3rd period - Shot Misses the Net.
0:47 of 3rd period - Shot by Ryan Nugent-Hopkins.
0:47 of 3rd period - Stopped by Corey Crawford without a rebound.
0:48 of 3rd period - Jonathan Toews wins face-off versus Auston Matthews in CHICAGO Blackhawks zone.
1:19 of 3rd period - Shot by Teuvo Teravainen.
1:19 of 3rd period - Stopped by Marc-Andre Fleury with a rebound.
1:21 of 3rd period - Shot by Jonathan Toews.
1:21 of 3rd period - Shot Blocked by Nikita Zaitsev.
1:23 of 3rd period - Shot by Teuvo Teravainen.
1:23 of 3rd period - Stopped by Marc-Andre Fleury without a rebound.
1:24 of 3rd period - William Nylander wins face-off versus Mikko Koivu in ARIZONA Coyotes zone.
1:45 of 3rd period - Shot by Patrick Eaves.
1:45 of 3rd period - Shot Misses the Net.
1:51 of 3rd period - Shot by Mikko Koivu.
1:51 of 3rd period - Stopped by Corey Crawford without a rebound.
1:52 of 3rd period - Kevin Hayes wins face-off versus Nicklas Backstrom in CHICAGO Blackhawks zone.
1:52 of 3rd period - Kevin Hayes is hit by Ryan Nugent-Hopkins.
1:55 of 3rd period - Will Butcher is hit by Ryan Nugent-Hopkins and loses puck.
3:00 of 3rd period - Shot by Auston Matthews.
3:00 of 3rd period - Shot Misses the Net.
3:08 of 3rd period - Shot by Mark Scheifele.
3:08 of 3rd period - Goal by Mark Scheifele - ARIZONA Coyotes : 1 - CHICAGO Blackhawks : 1.
3:09 of 3rd period - William Nylander wins face-off versus Mikko Koivu in neutral zone.
3:34 of 3rd period - Minor Penalty to Kyle Palmieri for Roughing.
3:35 of 3rd period - Patrick Kane wins face-off versus Auston Matthews in CHICAGO Blackhawks zone.
4:39 of 3rd period - Shot by Michael Grabner.
4:39 of 3rd period - Shot Blocked by Josh Manson.
4:41 of 3rd period - Shot by Erik Johnson.
4:41 of 3rd period - Shot Misses the Net.
4:53 of 3rd period - Shot by Erik Johnson.
4:53 of 3rd period - Shot Blocked by Brent Seabrook.
4:55 of 3rd period - Shot by Ian Cole.
4:55 of 3rd period - Shot Blocked by Brent Seabrook.
4:57 of 3rd period - Shot by Michael Grabner.
4:57 of 3rd period - Stopped by Corey Crawford without a rebound.
4:58 of 3rd period - Eric Staal wins face-off versus Auston Matthews in CHICAGO Blackhawks zone.
5:13 of 3rd period - Shot by Auston Matthews.
5:13 of 3rd period - Deflect By Mark Scheifele.
5:13 of 3rd period - Stopped by Corey Crawford without a rebound.
5:14 of 3rd period - Nicklas Backstrom wins face-off versus Patrick Kane in CHICAGO Blackhawks zone.
5:33 of 3rd period - Shot by Nicklas Backstrom.
5:33 of 3rd period - Stopped by Corey Crawford with a rebound.
5:35 of 3rd period - Shot by Nikita Zaitsev.
5:35 of 3rd period - Deflect By Patrick Eaves.
5:35 of 3rd period - Shot Misses the Net.
5:37 of 3rd period - Shot by Justin Schultz.
5:37 of 3rd period - Shot Misses the Net.
5:39 of 3rd period - Shot by Travis Konecny.
5:39 of 3rd period - Shot Misses the Net.
5:41 of 3rd period - Shot by Mikko Koivu.
5:41 of 3rd period - Shot Blocked by Will Butcher.
6:42 of 3rd period - Ondrej Kase is hit by Kyle Palmieri and loses puck.
6:59 of 3rd period - Shot by Ryan Hartman.
6:59 of 3rd period - Stopped by Corey Crawford without a rebound.
7:00 of 3rd period - Auston Matthews wins face-off versus Teuvo Teravainen in CHICAGO Blackhawks zone.
7:07 of 3rd period - Shot by Mark Scheifele.
7:07 of 3rd period - Stopped by Corey Crawford without a rebound.
7:08 of 3rd period - Teuvo Teravainen wins face-off versus Auston Matthews in CHICAGO Blackhawks zone.
7:30 of 3rd period - Shot by Mark Scheifele.
7:30 of 3rd period - Shot Misses the Net.
8:15 of 3rd period - Off-side.
8:16 of 3rd period - Kevin Hayes wins face-off versus Nicklas Backstrom in neutral zone.
8:45 of 3rd period - Off-side.
8:46 of 3rd period - William Nylander wins face-off versus Mikko Koivu in neutral zone.
8:56 of 3rd period - Shot by Eric Staal.
8:56 of 3rd period - Stopped by Marc-Andre Fleury with a rebound.
8:58 of 3rd period - Shot by Eric Staal.
8:58 of 3rd period - Deflect By Kyle Palmieri.
8:58 of 3rd period - Stopped by Marc-Andre Fleury without a rebound.
8:59 of 3rd period - Jonathan Toews wins face-off versus Andrew Copp in ARIZONA Coyotes zone.
9:08 of 3rd period - Brent Seabrook is hit by Ryan Hartman and loses puck.
10:19 of 3rd period - Shot by Justin Schultz.
10:19 of 3rd period - Stopped by Corey Crawford without a rebound.
10:20 of 3rd period - Nicklas Backstrom wins face-off versus Kevin Hayes in CHICAGO Blackhawks zone.
10:42 of 3rd period - Shot by Kevin Hayes.
10:42 of 3rd period - Shot Misses the Net.
10:48 of 3rd period - Shot by Sam Reinhart.
10:48 of 3rd period - Shot Misses the Net.
11:13 of 3rd period - Icing by Will Butcher.
11:14 of 3rd period - Auston Matthews wins face-off versus Kevin Hayes in CHICAGO Blackhawks zone.
11:15 of 3rd period - Shot by Mark Scheifele.
11:15 of 3rd period - Shot Misses the Net.
11:17 of 3rd period - Shot by Nikita Zaitsev.
11:17 of 3rd period - Shot Misses the Net.
11:19 of 3rd period - Shot by Auston Matthews.
11:19 of 3rd period - Shot Misses the Net.
11:21 of 3rd period - Shot by Nikita Zaitsev.
11:21 of 3rd period - Stopped by Corey Crawford without a rebound.
11:22 of 3rd period - Patrick Kane wins face-off versus Auston Matthews in CHICAGO Blackhawks zone.
11:28 of 3rd period - Josh Manson is hit by Erik Johnson and loses puck.
11:34 of 3rd period - Off-side.
11:35 of 3rd period - Mikko Koivu wins face-off versus William Nylander in neutral zone.
11:42 of 3rd period - Shot by Mikko Koivu.
11:42 of 3rd period - Stopped by Corey Crawford without a rebound.
11:43 of 3rd period - Auston Matthews wins face-off versus Jonathan Toews in CHICAGO Blackhawks zone.
12:21 of 3rd period - Auston Matthews is hit by Josh Manson and loses puck.
12:43 of 3rd period - Off-side.
12:44 of 3rd period - Kevin Hayes wins face-off versus Mikko Koivu in neutral zone.
12:57 of 3rd period - Brian Dumoulin is hit by Alex Goligoski and loses puck.
13:42 of 3rd period - Shot by Kyle Palmieri.
13:42 of 3rd period - Stopped by Marc-Andre Fleury without a rebound.
13:43 of 3rd period - Jonathan Toews wins face-off versus Nicklas Backstrom in ARIZONA Coyotes zone.
14:26 of 3rd period - Shot by Nicklas Backstrom.
14:26 of 3rd period - Stopped by Corey Crawford without a rebound.
14:27 of 3rd period - William Nylander wins face-off versus Auston Matthews in CHICAGO Blackhawks zone.
14:38 of 3rd period - Shot by Mark Scheifele.
14:38 of 3rd period - Shot Misses the Net.
15:10 of 3rd period - Shot by Eric Staal.
15:10 of 3rd period - Shot Misses the Net.
15:58 of 3rd period - Kevin Shattenkirk is hit by Patrick Eaves and loses puck.
16:23 of 3rd period - Shot by Jonathan Toews.
16:23 of 3rd period - Shot Misses the Net.
16:25 of 3rd period - Shot by Jonathan Toews.
16:25 of 3rd period - Shot Misses the Net.
16:27 of 3rd period - Shot by Jonathan Toews.
16:27 of 3rd period - Shot Blocked by Ian Cole.
16:29 of 3rd period - Shot by Patrick Kane.
16:29 of 3rd period - Goal by Patrick Kane - ARIZONA Coyotes : 1 - CHICAGO Blackhawks : 2.
16:30 of 3rd period - Andrew Copp wins face-off versus Tom Wilson in neutral zone.
16:40 of 3rd period - Icing by Brian Dumoulin.
16:41 of 3rd period - Kevin Hayes wins face-off versus Nicklas Backstrom in CHICAGO Blackhawks zone.
16:48 of 3rd period - Ryan Nugent-Hopkins is hit by Aaron Ekblad.
16:52 of 3rd period - Shot by Nicklas Backstrom.
16:52 of 3rd period - Shot Misses the Net.
16:54 of 3rd period - Shot by Ian Cole.
16:54 of 3rd period - Shot Blocked by Brian Dumoulin.
16:56 of 3rd period - Shot by Ian Cole.
16:56 of 3rd period - Shot Misses the Net.
16:58 of 3rd period - Shot by Deryk Engelland.
16:58 of 3rd period - Stopped by Corey Crawford without a rebound.
16:59 of 3rd period - Auston Matthews wins face-off versus Jonathan Toews in CHICAGO Blackhawks zone.
17:05 of 3rd period - Icing by Josh Manson.
17:06 of 3rd period - Teuvo Teravainen wins face-off versus Nicklas Backstrom in CHICAGO Blackhawks zone.
17:23 of 3rd period - Shot by Patrick Kane.
17:23 of 3rd period - Shot Misses the Net.
17:35 of 3rd period - Off-side.
17:36 of 3rd period - Kevin Hayes wins face-off versus Mikko Koivu in neutral zone.
17:52 of 3rd period - Shot by Mikko Koivu.
17:52 of 3rd period - Shot Misses the Net.
17:55 of 3rd period - Minor Penalty to Patrick Eaves for Roughing.
17:56 of 3rd period - Mikko Koivu wins face-off versus Jonathan Toews in ARIZONA Coyotes zone.
18:04 of 3rd period - Off-side.
18:05 of 3rd period - Mikko Koivu wins face-off versus Jonathan Toews in neutral zone.
18:43 of 3rd period - Icing by Patrick Kane.
18:44 of 3rd period - Mikko Koivu wins face-off versus Jonathan Toews in CHICAGO Blackhawks zone.
18:49 of 3rd period - Shot by Michael Grabner.
18:49 of 3rd period - Stopped by Corey Crawford without a rebound.
18:50 of 3rd period - Mikko Koivu wins face-off versus William Nylander in CHICAGO Blackhawks zone.
18:50 of 3rd period - Mikko Koivu is hit by Josh Manson.
18:54 of 3rd period - Shot by Michael Grabner.
18:54 of 3rd period - Stopped by Corey Crawford without a rebound.
18:55 of 3rd period - William Nylander wins face-off versus Mikko Koivu in CHICAGO Blackhawks zone.
18:57 of 3rd period - Icing by Teuvo Teravainen.
18:58 of 3rd period - Mikko Koivu wins face-off versus William Nylander in CHICAGO Blackhawks zone.
19:13 of 3rd period - Shot by Teuvo Teravainen.
19:13 of 3rd period - Shot Blocked by Deryk Engelland.
19:55 of 3rd period - Nikita Zaitsev is hit by Kevin Hayes and loses puck.
Goals for this period are 1 for ARIZONA Coyotes vs 1 for CHICAGO Blackhawks.
Shots for this period are 17 for ARIZONA Coyotes vs 6 for CHICAGO Blackhawks.